 Dungeon Crawl Stone Soup version 0.19.0-11-g3fc08b3 (webtiles) character file.

135 thirtiethelement the Stinger (level 5, -2/54 HPs)
             Began as an Octopode Wanderer on Nov 9, 2016.
             Slain by an iguana (7 damage)
             ... on level 4 of the Dungeon.
             The game lasted 00:15:36 (1718 turns).

thirtiethelement the Stinger (Octopode Wanderer)    Turns: 1718, Time: 00:15:36

Health: -2/54      AC: 22    Str: 11    XL:     5   Next: 18%
Magic:  6/8        EV:  2    Int: 14    God:
Gold:   149        SH:  5    Dex: 13    Spells: 2 memorised, 6 levels left

rFire  . . .     SeeInvis .     d - +0 dagger
rCold  . . .     Gourm    .     (no shield)
rNeg   + + +     Faith    .     (helmet currently unavailable)
rPois  +         Spirit   .     k - +5 amulet of reflection
rElec  .         Reflect  +     p - ring of flight
rCorr  .         Harm     .     (no ring)
MR     .....     NoTele   +     (no ring)
Stlth  ++........               (no ring)
                                (no ring)
                                (no ring)
                                (no ring)
                                (no ring)

@: tree-form
A: almost no armour, stealthy swim, (amphibious), 8 rings, (constrict 8),
(camouflage 0), (gelatinous body 0)
a: no special abilities


You were on level 4 of the Dungeon.
You were not hungry.
You were a tree.
You visited 1 branch of the dungeon, and saw 4 of its levels.

You collected 149 gold pieces.

Inventory:

Hand Weapons
 d - a +0 dagger (weapon)
Jewellery
 k - a +5 amulet of reflection (around neck)
 p - a ring of flight (left branch)
Wands
 o - a wand of lightning (9/15)
Potions
 c - 3 potions of lignification
 e - a potion of brilliance
 i - a potion of mutation {unknown}
 l - a potion of might {unknown}
 m - a potion of haste {unknown}
 n - a potion of magic {unknown}
Books
 a - a Young Poisoner's Handbook

   Spells                             Type                      Level
   a - Sting                          Conjuration/Poison           1
   b - Mephitic Cloud                 Conjuration/Poison/Air       3
   c - Olgreb's Toxic Radiance        Poison                       4
   d - Alistair's Intoxication        Transmutation/Poison         5
   e - Venom Bolt                     Conjuration/Poison           5
 b - Sif Muna's Volume of Protection

   Spells                             Type                      Level
   a - Infusion                       Charms                       1
   b - Ozocubu's Armour               Charms/Ice                   3
Comestibles
 f - 3 bread rations
 g - 3 meat rations
 h - 2 fruits
 j - 2 beef jerkies


   Skills:
 + Level 3.1 Fighting
 + Level 0.6 Short Blades
   Level 1.0 Bows
 + Level 2.5 Stealth
   Level 1.0 Shields
 * Level 2.0 Spellcasting
 * Level 1.2 Conjurations
   Level 2.0 Translocations
 * Level 3.9 Poison Magic


You had 6 spell levels left.
You knew the following spells:

 Your Spells              Type           Power        Failure   Level  Hunger
a - Sting                 Conj/Pois      #...         10%         1    ##.....
b - Infusion              Chrm           #...         24%         1    ##.....


Dungeon Overview and Level Annotations

Branches:
Dungeon (4/15)
 Temple: D:4-7

Altars:
Dithmenos
Hepliaklqana
Makhleb
Okawaru
Uskayaw
Zin

Shops:
D:4 *


Innate Abilities, Weirdness & Mutations

You cannot wear most types of armour.
You are very stealthy in the water. (Stealth+)
((You are amphibious.))
You can wear up to eight rings at the same time.
((You can use your tentacles to constrict eight enemies at once.))
((Your skin changes colour to match your surroundings (Stealth+).))
((Your rubbery body absorbs attacks. (AC +1, EV +1)))


Message History

You destroy the bullfrog skeleton!
Your Spellcasting skill increases to level 2!
Your Conjurations skill increases to level 1!
You have reached level 5!
You feel agile. The gnoll hits you but does no damage.
You barely miss the iguana. The gnoll hits you but does no damage.
The iguana bites you but does no damage.
You hit the iguana.
The iguana is lightly wounded.
The gnoll hits you but does no damage.
The iguana bites you but does no damage.
You hit the iguana but do no damage.
The iguana is lightly wounded.
You block the gnoll's attack. The iguana bites you.
* * * LOW HITPOINT WARNING * * *
You barely miss the iguana.
The iguana is lightly wounded.
You block the gnoll's attack. The iguana bites you!
You die...

#....# #....## #...........
#.....# #...........
#.....# #...........
#.....# #.......[...
#.....## #...........
#......# #...........
#....#.# #...........
#....#♣# #.......g...
######l########'######.
#.g.g.l.......#
#.............#
#######.............#
#.....†.............#
#######...................#
#....##...................#
#....##...................#


You could see an iguana and a gnoll.

Vanquished Creatures
  A bullfrog skeleton (D:4)
  A worker ant zombie (D:4)
  3 adders
  A worm (D:2)
  4 dart slugs (D:1)
  3 leopard geckos
  6 orcs (D:3)
  A ball python (D:3)
  A bat (D:3)
  2 giant cockroaches
  7 goblins
  3 hobgoblins
  A quokka (D:2)
  A frilled lizard (D:3)
  8 kobolds
  A leopard gecko skeleton (D:4)
  6 rats (D:1)
50 creatures vanquished.

Notes
Turn   | Place    | Note
-------+----------+-------------------------------------------
     0 | D:1      | thirtiethelement the Octopode Wanderer began the quest for the Orb.
     0 | D:1      | thirtiethelement set off with: a Young Poisoner's Handbook, Sif Muna's Volume of Protection, a potion of lignification, a +0 dagger, a bread ration
     0 | D:1      | Reached XP level 1. HP: 14/14 MP: 2/2
     2 | D:1      | Learned a level 1 spell: Sting
     4 | D:1      | Learned a level 1 spell: Infusion
    96 | D:1      | Reached XP level 2. HP: 20/20 MP: 1/3
   373 | D:1      | Reached XP level 3. HP: 24/25 MP: 0/4
   574 | D:2      | Found a shadowy altar of Dithmenos.
  1058 | D:3      | Found a hazy altar of Hepliaklqana.
  1061 | D:3      | Found an iron altar of Okawaru.
  1068 | D:3      | Found a glowing silver altar of Zin.
  1070 | D:3      | Found a burning altar of Makhleb.
  1071 | D:3      | Found a hide-covered altar of Uskayaw.
  1218 | D:3      | Reached XP level 4. HP: 12/31 MP: 2/5
  1496 | D:4      | Found Deuwegh's Assorted Antiques.
  1714 | D:4      | Reached skill level 1 in Conjurations
  1714 | D:4      | Reached XP level 5. HP: 5/36 MP: 6/8
  1718 | D:4      | Slain by an iguana

Skill      XL: |  1  2  3  4 |
---------------+-------------+-----
Poison Magic   | 3 |  3.9
Fighting       | 3 |  3.1
Stealth        | 2 |  2.5
Spellcasting   | 2 |  2.0
Conjurations   | 1 |  1.2
Short Blades   | |  0.6
Bows           | |  1.0
Shields        | |  1.0
Translocations | |  2.0

Action                   |  1- 3 |  4- 6 || total
-------------------------+-------+-------++-------
Melee: Dagger            |    45 |    35 ||    80
       Constrict         |    13 |     6 ||    19
       Tentacles         |     7 |     5 ||    12
 Cast: Sting             |    42 |    21 ||    63
       Infusion          |     1 |       ||     1
  Use: Scroll            |     7 |     1 ||     8
       Potion            |       |     1 ||     1
 Stab: Sleeping          |     3 |     1 ||     4
  Eat: Bread ration      |     1 |       ||     1
Armor: Skin              |     2 |    10 ||    12
Dodge: Dodged            |    23 |    21 ||    44
Block: Other             |     2 |    11 ||    13
       Reflection        |       |     1 ||     1
